General information
- name: BNet
- type: Ladder team game (AT/RT)
- host: Battle.net
- saver: ImWithStupid
map: Deadlock
- players: 8
- length: 06:35
- speed: Fast
- version: 1.28 W3XP
- replay type: Public
» download(52 KB)
Players
team 1 (loser)

»
P1ayer_3 (
teal | 43 APM | 278 actions | 06:32)
2 Death Knight
1 Death Coil
1 Unholy Aura
» actions
| Assign group hotkey | 11 | |
| Basic commands | 24 | |
| Build / train | 18 | |
| Enter build submenu | 8 | |
| Enter hero's abilities submenu | 2 | |
| Right click | 86 | |
| Select / deselect | 94 | |
| Select group hotkey | 22 | |
| Use ability | 13 | |
278 total
» units
| Acolyte | 3 | |
| Ghoul | 4 | |
| Crypt Fiend | 3 | |
10 total
» buildings
| Altar of Darkness | 1 | |
| Ziggurat | 3 | |
| Crypt | 1 | |
| Graveyard | 1 | |
| Tomb of Relics | 1 | |
| Halls of the Dead | 1 | |
| Spirit Tower | 3 | |
11 total
» build order
00:44 Altar of Darkness
00:49 Ziggurat
00:51 Crypt
00:56 Graveyard
01:42 Ziggurat
01:43 Tomb of Relics
02:37 Ziggurat
04:52 Halls of the Dead
05:16 Spirit Tower
05:30 Spirit Tower
06:15 Spirit Tower
» items
Misa.nthropist (
pink | 35 APM | 227 actions | 06:33)
1 Dreadlord
1 Vampiric Aura
» actions
| Build / train | 22 | |
| Enter build submenu | 12 | |
| Enter hero's abilities submenu | 1 | |
| Right click | 129 | |
| Select / deselect | 48 | |
| Use ability | 15 | |
227 total
» units
» buildings
| Graveyard | 1 | |
| Ziggurat | 3 | |
| Tomb of Relics | 1 | |
| Altar of Darkness | 1 | |
| Crypt | 3 | |
| Nerubian Tower | 3 | |
| Necropolis | 1 | |
| Halls of the Dead | 2 | |
15 total
» build order
00:19 Graveyard
00:24 Ziggurat
00:47 Tomb of Relics
01:02 Altar of Darkness
01:26 Crypt
01:38 Ziggurat
02:12 Crypt
02:25 Nerubian Tower
02:47 Nerubian Tower
02:47 Nerubian Tower
04:21 Necropolis
05:56 Halls of the Dead
05:57 Halls of the Dead
06:20 Crypt
06:27 Ziggurat
» items
| Sacrificial Skull | 1 | |
| Dust of Appearance | 1 | |
| Rod of Necromancy | 1 | |
3 total

»
MountainKINGs (
green | 73 APM | 297 actions | 04:04)
1 Mountain King
1 Storm Bolt
» actions
| Assign group hotkey | 4 | |
| Build / train | 18 | |
| Enter build submenu | 6 | |
| Enter hero's abilities submenu | 2 | |
| Right click | 201 | |
| Select / deselect | 59 | |
| Use ability | 7 | |
297 total
» units
» buildings
| Altar of Kings | 1 | |
| Farm | 4 | |
| Arcane Vault | 1 | |
| Keep | 2 | |
8 total
» build order
00:10 Altar of Kings
00:16 Farm
01:00 Farm
01:14 Arcane Vault
01:42 Farm
02:06 Farm
02:58 Keep
02:58 Keep
» items
| Scroll of Regeneration | 1 | |
| Lesser Clarity Potion | 2 | |
3 total
KiLLdumbALLiES (
yellow | 65 APM | 423 actions | 06:28)
2 Death Knight
1 Death Coil
1 Unholy Aura
» actions
| Assign group hotkey | 32 | |
| Basic commands | 7 | |
| Build / train | 16 | |
| Enter build submenu | 12 | |
| Enter hero's abilities submenu | 2 | |
| Right click | 164 | |
| Select / deselect | 71 | |
| Select group hotkey | 102 | |
| Use ability | 17 | |
423 total
» units
| Acolyte | 3 | |
| Ghoul | 1 | |
| Crypt Fiend | 7 | |
11 total
» buildings
| Crypt | 1 | |
| Graveyard | 1 | |
| Ziggurat | 2 | |
| Altar of Darkness | 1 | |
| Scout Tower | 1 | |
| Barracks | 1 | |
| Necropolis | 1 | |
| Arcane Tower | 1 | |
| Farm | 1 | |
| Halls of the Dead | 1 | |
| Tomb of Relics | 1 | |
12 total
» build order
00:09 Crypt
00:14 Graveyard
00:42 Ziggurat
01:03 Altar of Darkness
01:52 Ziggurat
04:10 Scout Tower
04:36 Barracks
04:59 Necropolis
05:05 Arcane Tower
05:08 Farm
05:32 Halls of the Dead
06:26 Tomb of Relics
team 2 (winner)
defecto (
blue | 60 APM | 118 actions | 01:58)
» actions
| Assign group hotkey | 1 | |
| Build / train | 9 | |
| Enter build submenu | 3 | |
| Right click | 65 | |
| Select / deselect | 36 | |
| Select group hotkey | 1 | |
| Use ability | 3 | |
118 total
» units
» buildings
| Altar of Storms | 1 | |
| Orc Burrow | 1 | |
| Barracks | 1 | |
3 total
» build order
00:31 Altar of Storms
00:36 Orc Burrow
00:54 Barracks
ImWithStupid (
purple | 13 APM | 86 actions | 06:35)
» actions
| Enter build submenu | 5 | |
| Right click | 58 | |
| Select / deselect | 19 | |
| Use ability | 4 | |
86 total
» buildings
| Blacksmith | 2 | |
| Lumber Mill | 1 | |
| Arcane Vault | 1 | |
4 total
» build order
00:23 Blacksmith
00:25 Blacksmith
00:33 Lumber Mill
00:35 Arcane Vault
themanicmartin (
red | 58 APM | 378 actions | 06:33)
2 Far Seer
2 Feral Spirit
» actions
| Assign group hotkey | 4 | |
| Basic commands | 30 | |
| Build / train | 26 | |
| Enter build submenu | 9 | |
| Enter hero's abilities submenu | 2 | |
| Remove unit from queue | 10 | |
| Right click | 116 | |
| Select / deselect | 112 | |
| Select group hotkey | 55 | |
| Use ability | 14 | |
378 total
» units
» buildings
| Altar of Storms | 1 | |
| Orc Burrow | 4 | |
| Barracks | 1 | |
| Stronghold | 6 | |
| War Mill | 1 | |
13 total
» build order
00:23 Altar of Storms
00:29 Orc Burrow
00:53 Barracks
01:50 Orc Burrow
02:37 Orc Burrow
04:01 Stronghold
04:18 Stronghold
04:24 War Mill
04:55 Orc Burrow
miLLe- (
orange | 48 APM | 316 actions | 06:33)
1 Keeper of the Grove
1 Force of Nature
» actions
| Assign group hotkey | 4 | |
| Basic commands | 3 | |
| Build / train | 25 | |
| Enter build submenu | 11 | |
| Enter hero's abilities submenu | 1 | |
| Remove unit from queue | 1 | |
| Right click | 120 | |
| Select / deselect | 111 | |
| Select group hotkey | 29 | |
| Use ability | 11 | |
316 total
» units
| Wisp | 7 | |
| Archer | 2 | |
| Huntress | 7 | |
| Grunt | 4 | |
20 total
» upgrades
» buildings
| Ancient of War | 1 | |
| Moon Well | 4 | |
| Altar of Elders | 1 | |
| Hunter's Hall | 1 | |
| Tree of Ages | 1 | |
8 total
» build order
00:08 Ancient of War
00:19 Moon Well
00:42 Altar of Elders
02:19 Hunter's Hall
02:41 Moon Well
03:14 Moon Well
04:33 Tree of Ages
04:36 Moon Well
Chat log
(00:46 / Allies) miLLe-: rush??
(00:57 / Allies) ImWithStupid: rush and mass
(01:09 / Allies) themanicmartin: roger
(02:06 / Allies) miLLe-: ..
(02:09 / Allies) ImWithStupid: we gotta mass now guys
(02:14 / Allies) ImWithStupid: who takes
(02:15 / Allies) miLLe-: ye..
(03:14 / Allies) themanicmartin: pruple is not here lol
(03:21 / Allies) miLLe-: ...
(03:44 / Allies) miLLe-: im coming
(04:10 / Allies) miLLe-: rolf